 Dungeon Crawl Stone Soup version 0.30.1-11-g7821555f0a (webtiles) character file.

Game seed: 6189086200860932446

8793 PurpleCat the Severer (level 11, -16/83 HPs)
             Began as a Minotaur Fighter on Nov 9, 2023.
             Was an Elder of Okawaru.
             Demolished by a two-headed ogre
             ... wielding a +0 giant club
              (20 damage)
             ... on level 9 of the Dungeon.
             The game lasted 00:45:42 (10756 turns).

PurpleCat the Severer (Minotaur Fighter)           Turns: 10756, Time: 00:45:43

Health: -16/83     AC: 20    Str: 26    XL:     11   Next: 14%
Magic:  8/10       EV:  8    Int:  5    God:    Okawaru [****..]
Gold:   179        SH: 10    Dex:  9    Spells: 10/10 levels left

rFire   . . .        a - +0 war axe
rCold   . . .        c - +0 buckler
rNeg    . . .        u - +0 plate armour
rPois   +            (helmet restricted)
rElec   .            j - +1 cloak {rPois}
rCorr   .            x - +1 pair of gloves
SInv    +            N - +0 pair of boots
Will    .....        q - amulet of reflection Stlth
                     M - ring of flight
HPRegen 0.33/turn    I - ring of see invisible
MPRegen 0.12/turn

%: reflection
@: heroic, flying
A: horns 2, retaliatory headbutt
a: Renounce Religion, Heroism, Finesse


You were on level 9 of the Dungeon.
You worshipped Okawaru.
Okawaru was greatly pleased with you.
You visited 2 branches of the dungeon, and saw 11 of its levels.

You collected 539 gold pieces.
You spent 360 gold pieces at shops.

Inventory:

Hand Weapons
 a - a +0 war axe (weapon)
Missiles
 f - 87 stones (quivered)
Armour
 c - a +0 buckler (worn)
 j - a +1 cloak of poison resistance (worn)
 u - a +0 plate armour (worn)
 x - a +1 pair of gloves (worn)
 N - a +0 pair of boots (worn)
Jewellery
 n - a +6 ring of intelligence
 q - an amulet of reflection (around neck)
 I - a ring of see invisible (right hand)
 M - a ring of flight (left hand)
Wands
 l - a wand of iceblast (1)
 y - a wand of polymorph (26)
 B - a wand of mindburst (12)
 L - a wand of light (12)
Scrolls
 b - a scroll of blinking {unknown}
 e - a scroll of silence {unknown}
 g - a scroll of identify
 h - 2 scrolls of vulnerability {unknown}
 i - 4 scrolls of enchant armour {unknown}
 k - 4 scrolls of teleportation {unknown}
 m - a scroll of amnesia {unknown}
 r - 2 scrolls of brand weapon {unknown}
 s - 2 scrolls of fog {unknown}
 w - a scroll of torment {unknown}
 D - a scroll of fear {unknown}
 E - a scroll of poison {unknown}
 J - a scroll of magic mapping {unknown}
 K - a scroll of acquirement {unknown}
Potions
 d - 4 potions of might
 o - a potion of invisibility {unknown}
 p - a potion of haste {unknown}
 t - 2 potions of lignification
 v - a potion of resistance {unknown}
 z - a potion of berserk rage {unknown}
 A - 2 potions of curing {unknown}
 C - a potion of heal wounds
 F - 3 potions of ambrosia
 G - 3 potions of mutation
 H - 3 potions of attraction
 O - a potion of magic {unknown}


   Skills:
 - Level 3.7(8.7) Fighting
 + Level 19.9(24.9) Axes
 - Level 3.7(8.7) Armour
 - Level 3.7(8.7) Shields


You had 10 spell levels left.
You didn't know any spells.
Your spell library contained the following spells:

 Spells                   Type           Power      Damage    Failure   Level
 Beastly Appendage        Tmut           0%         N/A       99%         1
 Wereblood                Tmut           0%         N/A       100%        2
 Gell's Gravitas          Tloc           0%         N/A       100%        3
 Spider Form              Tmut/Pois      0%         N/A       100%        3
 Stone Arrow              Conj/Erth      0%         3d7       100%        3
 Teleport Other           Tloc           0%         N/A       100%        3
 Dispersal                Tloc           0%         N/A       100%        6
 Eringya's Noxious Bog    Tmut/Pois      0%         N/A       100%        6
 Lehudib's Crystal Spear  Conj/Erth      0%         10d2      100%        8
 Animate Armour           Summ/Erth      Unusable   N/A       N/A         4
 Summon Forest            Summ/Tloc      Unusable   N/A       N/A         5
 Summon Hydra             Summ           Unusable   N/A       N/A         7

Dungeon Overview and Level Annotations

Branches:
Dungeon (10/15)            Temple (1/1) D:5
   Lair: D:8-11         Orc: D:9-12

Altars:
Ashenzari
Cheibriados
Dithmenos
Elyvilon
Fedhas
Gozag
Hepliaklqana
Kikubaaqudgha
Makhleb
Nemelex Xobeh
Okawaru
Qazlal
Ru
Sif Muna
Trog
Uskayaw
Vehumet
Wu Jian
Xom
Yredelemnul
Zin
The Shining One

Shops:
D:2 :   D:3 =[*   D:5 !

Annotations:
D:2 Sigmund


Innate Abilities, Weirdness & Mutations

You have a pair of horns on your head.
You reflexively headbutt those who attack you in melee.


Message History

The yak is severely wounded.
The yak gores you but does no damage.
You hit the yak but do no damage. You headbutt the yak!
You kill the yak!
Okawaru accepts your kill.
You fly downwards.
The two-headed ogre hits you with a +0 giant club!
The two-headed ogre hits you but does no damage.
The yak gores you but does no damage. x2; The yak gores you!
The orc wizard mumbles some strange words.
The orc wizard flickers and vanishes for a moment.
You block the yak's attack. The yak gores you! You block the yak's attack.
You hear a shout!
There is a stone staircase leading up, spattered with blood here.
The two-headed ogre hits you with a +0 giant club!
You block the two-headed ogre's attack. The yak gores you but does no damage.
The orc hits you but does no damage. The yak gores you but does no damage.
The yak gores you! You block the yak's attack.
You fly upwards.
There is a stone staircase leading down here.
You gain the combat prowess of a mighty hero.
The two-headed ogre hits you with a +0 giant club!
* * * LOW HITPOINT WARNING * * *
The two-headed ogre hits you with a +0 giant club!
* * * LOW HITPOINT WARNING * * *
You block the orc's attack. You block the yak's attack.
You hit the two-headed ogre.
The two-headed ogre is lightly wounded.
You hit the yak. You barely miss the yak. You hit the yak but do no damage.
You hit the orc. The yak barely misses you. The orc hits you with a +0 mace.
* * * LOW HITPOINT WARNING * * *
The yak gores you.
* * * LOW HITPOINT WARNING * * *
You slash the two-headed ogre!
The two-headed ogre is moderately wounded.
You hit the yak but do no damage. You closely miss the orc. You slash the yak!
You closely miss the yak. The two-headed ogre barely misses you.
You furiously retaliate!
You headbutt the two-headed ogre!
The two-headed ogre hits you with a +0 giant club!!
You die...

............#####............)...
##..†............................
.#####.................<.........
...'.###.........................
..##...###.......########........
..#......###.....#......#.....###
.##........###...#......#.....#
.#.............Yo#......'.....#
##..........##.Y@#......#.....#
#...........#.(YO#......#.....#
#..........##...Y########.....#
...........#................).#
##........##.....#####'###....###
.###......#......#.......#.......
...###...##......#.....###......#
.....###.#.......#.....#........#
.......#'#)#####.#.....#........#


You could see a two-headed ogre, 4 yaks and an orc.

Vanquished Creatures
  A dancing weapon (D:6)
  A two-headed ogre (D:9)
  Amaemon (D:9)
  Pikel (D:6)
  An orange demon (D:9)
  The ghost of Jaukkuri the Charlatan, a novice DEAr of Nemelex Xobeh (D:6)
  3 trolls
  A shadow (D:6)
  7 yaks (D:9)
  A wyvern (D:9)
  Eustachio (D:5)
  A steam dragon (D:7)
  Menkaure (D:5)
  A water moccasin (D:5)
  3 ice beasts
  2 black bears
  4 orc warriors
  3 centaurs
  5 ogres
  A phantom (D:6)
  2 lemures (D:6)
  A kobold brigand (D:9)
  Blork the orc (D:5)
  A gnoll sergeant (D:9)
  2 scorpions (D:6)
  A bullfrog (D:9)
  2 wights (D:6)
  5 killer bees
  3 howler monkeys
  7 hounds
  4 jellies
  A gnoll bouda (D:9)
  5 orc priests
  5 iguanas
  4 sleepcaps
  4 orc wizards
  Natasha (thrice) (D:2)
  27 gnolls
  4 adders
  3 shadow imps
  A white imp (D:8)
  A worm (D:2)
  2 dart slugs
  34 orcs
  6 bats
  19 endoplasms
  2 giant cockroaches
  3 goblins
  4 hobgoblins
  2 jackals (D:3)
  4 quokkas
  8 ball pythons
  2 frilled lizards (D:1)
  11 kobolds
  7 rats
231 creatures vanquished.

Notes
Turn   | Place    | Note
-------+----------+-------------------------------------------
     0 | D:1      | PurpleCat the Minotaur Fighter began the quest for the Orb.
     0 | D:1      | Reached XP level 1. HP: 19/19 MP: 0/0
   246 | D:1      | Reached skill level 3 in Axes
   246 | D:1      | Reached XP level 2. HP: 27/27 MP: 1/1
   839 | D:2      | Reached skill level 4 in Axes
   839 | D:2      | Reached XP level 3. HP: 33/33 MP: 2/2
   852 | D:2      | Noticed Sigmund
   992 | D:3      | Found Jiapauh's Antique Armour Boutique.
  1092 | D:3      | Found a shadowy altar of Dithmenos.
  1096 | D:3      | Found a basalt altar of Yredelemnul.
  1292 | D:3      | Reached skill level 5 in Axes
  1292 | D:3      | Reached XP level 4. HP: 17/40 MP: 3/3
  1510 | D:3      | Found Jygoc's Assorted Antiques.
  1541 | D:3      | Found an opulent altar of Gozag.
  1554 | D:3      | Reached skill level 6 in Axes
  1849 | D:3      | Found Biedgh's Jewellery Boutique.
  1909 | D:4      | Reached XP level 5. HP: 43/46 MP: 4/4
  1920 | D:2      | Noticed Natasha
  1922 | D:2      | Killed Natasha
  2398 | D:2      | Found Hum Fyku's Book Emporium.
  2430 | D:2      | Noticed Natasha
  2438 | D:2      | Killed Natasha
  2439 | D:2      | Reached skill level 7 in Axes
  2649 | D:2      | Noticed Natasha
  2652 | D:2      | Killed Natasha
  2766 | D:4      | Reached XP level 6. HP: 52/52 MP: 5/5
  2874 | D:4      | Reached skill level 8 in Axes
  3214 | D:4      | Noticed an ice beast
  3224 | D:4      | Killed an ice beast
  3225 | D:4      | Reached skill level 9 in Axes
  3225 | D:4      | Reached XP level 7. HP: 58/58 MP: 6/6
  3308 | D:4      | Reached skill level 10 in Axes
  3569 | D:5      | Entered Level 5 of the Dungeon
  3581 | D:5      | Found Icisch's Distillery.
  3587 | D:5      | Bought a potion of heal wounds for 60 gold pieces
  3630 | D:5      | Found a staircase to the Ecumenical Temple.
  3682 | Temple   | Entered the Ecumenical Temple
  3763 | Temple   | Became a worshipper of Warmaster Okawaru
  3954 | D:5      | Noticed Blork the orc
  3969 | D:5      | Killed Blork the orc
  4139 | D:5      | Noticed Eustachio
  4221 | D:5      | Noticed Menkaure
  4225 | D:5      | Killed Menkaure
  4225 | D:5      | Reached * piety under Okawaru
  4226 | D:5      | Reached skill level 11 in Axes
  4226 | D:5      | Reached XP level 8. HP: 62/66 MP: 7/7
  4241 | D:5      | Killed Eustachio
  4242 | D:5      | Reached skill level 12 in Axes
  5015 | D:6      | Found a runed translucent door.
  5016 | D:6      | Found a shimmering altar of Xom.
  5016 | D:6      | Noticed Jaukkuri's ghost (novice DEAr)
  5016 | D:6      | Noticed a +1 spear of chaos
  5181 | D:6      | Reached skill level 13 in Axes
  5184 | D:6      | Reached ** piety under Okawaru
  5210 | D:6      | Reached XP level 9. HP: 35/71 MP: 2/8
  5225 | D:6      | Reached skill level 14 in Axes
  5871 | D:6      | Reached skill level 15 in Axes
  6285 | D:6      | Killed a +1 spear of chaos
  6298 | D:6      | Killed Jaukkuri's ghost
  6299 | D:6      | Reached skill level 16 in Axes
  6299 | D:6      | Reached *** piety under Okawaru
  6620 | D:7      | Found a blossoming altar of Fedhas.
  7331 | D:7      | Identified the +1 ring mail of the Miller {MP+9}
  7350 | D:7      | Noticed Pikel
  7455 | D:6      | Killed Pikel
  7456 | D:6      | Reached skill level 17 in Axes
  7456 | D:6      | Reached XP level 10. HP: 69/78 MP: 7/9
  8903 | D:9      | Noticed an orange demon
  8903 | D:9      | Noticed Amaemon
  8926 | D:9      | Killed an orange demon
  8960 | D:9      | Killed Amaemon
  8961 | D:9      | Reached skill level 18 in Axes
  9121 | D:10     | Entered Level 10 of the Dungeon
  9147 | D:8      | Reached **** piety under Okawaru
  9478 | D:9      | Reached skill level 19 in Axes
 10067 | D:3      | Bought an amulet of reflection for 300 gold pieces
 10253 | D:9      | Noticed a two-headed ogre
 10265 | D:9      | Killed a two-headed ogre
 10266 | D:9      | Reached XP level 11. HP: 64/83 MP: 7/10
 10700 | D:9      | Found a glowing golden altar of the Shining One.
 10744 | D:10     | Noticed a two-headed ogre
 10755 | D:9      | HP: 4/83 [yak (4)]
 10756 | D:9      | Demolished by a two-headed ogre

Illustrated notes

Levels and vault maps discovered:
D:1:      amcnicky_arrival_abandoned_market, layout_basic, serial_bayou_lake_a
D:2:      layout_basic, serial_shops, shop, st_stairs_13, nicolae_hexahallways,
          kennysheep_generic_room_7, uniq_sigmund, uniq_natasha
D:3:      cheibrodos_fertilizer, layout_loops_cross,
          mainiacjoe_overflow_surrounded_room,
          mainiacjoe_overflow_six_doors_small, mainiacjoe_overflow_alcove_1,
          serial_shops, shop, shop, nicolae_shop_back_alley_shop
D:4:      layout_rooms
D:5:      layout_basic, minmay_temple_entry_antechambers, serial_shops, shop,
          kennysheep_cluttered_room, serial_bayou_pond_d, uniq_eustachio,
          uniq_menkaure, uniq_blork_the_orc
D:6:      layout_loops_ring, ebering_ghost_xom, nzn_random_ring
D:7:      layout_basic, lemuel_tele_altar, minivault_19, dreamdust_gnoll_farm,
          uniq_pikel
D:8:      layout_basic
D:9:      minmay_skewed_foursquare, layout_irregular_city, tso_oasis_becter,
          uniq_amaemon
D:10:     hangedman_cross_cluster, layout_rooms, dpeg_lair_monsters,
          serial_shops, nicolae_shop_dealshenge, columned_hall_lemuel
Temple:   minmay_crystal_spiral_temple

Skill      XL: |  1  2  3  4  5  6  7  8  9 10 |
---------------+-------------------------------+-----
Axes           | 3 4 5 6 7 9 11 13 17 19 | 19.9
Fighting       | |  3.7
Armour         | |  3.7
Shields        | |  3.7

Action                     |  1- 3 |  4- 6 |  7- 9 | 10-12 || total
---------------------------+-------+-------+-------+-------++-------
  Melee: War axe           |    81 |    97 |   279 |   185 ||   642
         Headbutt          |     6 |    15 |    48 |    48 ||   117
 Invoke: Heroism           |       |       |     5 |     7 ||    12
    Use: Scroll            |       |       |       |     5 ||     5
 Armour: Scale mail        |    12 |       |       |       ||    12
         Chain mail        |    26 |    27 |   106 |    29 ||   188
         Robe              |       |     3 |       |       ||     3
         Plate armour      |       |       |       |    98 ||    98
  Dodge: Dodged            |    34 |    41 |    84 |    54 ||   213
  Block: Buckler           |    20 |    13 |    45 |    51 ||   129
